 Dungeon Crawl Stone Soup version 0.19.0-24-gb05acd6 (webtiles) character file.

7082 Rrauwl the Cleaver (level 11, -17/97 HPs)
             Began as a Hill Orc Gladiator on Nov 23, 2016.
             Was a Priest of Qazlal.
             Demolished by Snorg (28 damage)
             ... on level 10 of the Dungeon.
             The game lasted 01:17:07 (8409 turns).

Rrauwl the Cleaver (Hill Orc Gladiator)             Turns: 8409, Time: 01:17:12

Health: -17/97     AC: 14    Str: 25    XL:     11   Next: 9%
Magic:  17/17      EV: 13    Int: 10    God:    Qazlal [***...]
Gold:   564        SH: 10    Dex: 15    Spells: 2 memorised, 13 levels left

rFire  . . .     SeeInvis .     a - +1 war axe
rCold  + . .     Gourm    .     n - +2 ring mail {rPois}
rNeg   . . .     Faith    .     v - +0 buckler "Dag Casu" {*Corrode Dex+4 Slay+4 Stlth+}
rPois  +         Spirit   .     c - +0 helmet
rElec  .         Reflect  .     t - +2 cloak
rCorr  .         Harm     +     D - +0 pair of gloves
MR     .....                    (no boots)
Stlth  ++........               C - amulet of harm
                                r - ring of stealth
                                P - +5 ring of strength

@: hasted, very quick
A: cold resistance 1
a: Upheaval, Elemental Force, Renounce Religion


You were on level 10 of the Dungeon.
You worshipped Qazlal.
Qazlal was most pleased with you.
You were not hungry.

You visited 1 branch of the dungeon, and saw 10 of its levels.

You collected 564 gold pieces.

Inventory:

Hand Weapons
 a - a +1 war axe (weapon)
 i - the +5 long sword of Benevolence {freeze, Fragile +Inv MR+}
   (You found it on level 7 of the Dungeon)

   It has been specially enchanted to freeze those struck by it, causing extra
   injury to most foes and up to half again as much damage against particularly
   susceptible opponents.
   It can also slow down cold-blooded creatures.
   It affects your resistance to hostile enchantments.
   It lets you turn invisible.
   It will be destroyed if unequipped.
 H - the +7 whip of the Warrior {venom, +Inv rF+ rC-}
   (You took it off a centaur on level 6 of the Dungeon)

   It poisons the flesh of those it strikes.
   It protects you from fire.
   It makes you vulnerable to cold.
   It lets you turn invisible.
Missiles
 O - a throwing net (quivered)
Armour
 c - a +0 helmet (worn)
 n - a +2 ring mail of poison resistance (worn)
 t - a +2 cloak (worn)
 v - the +0 buckler "Dag Casu" (worn) {*Corrode Dex+4 Slay+4 Stlth+}
   (You found it on level 4 of the Dungeon)

   It affects your dexterity (+4).
   It affects your accuracy and damage with ranged weapons and melee attacks
   (+4).
   It may corrode you when you take damage.
   It makes you more stealthy.
 D - a +0 pair of gloves (worn)
 E - +0 steam dragon scales
Magical Staves
 u - an uncursed staff of wizardry
 z - an uncursed staff of summoning
Jewellery
 k - an uncursed ring of wizardry
 o - an uncursed ring of magical power
 r - a ring of stealth (right hand)
 C - an amulet of harm (around neck)
 P - a +5 ring of strength (left hand)
Wands
 d - a wand of digging (24/24)
 e - a wand of flame (2/48)
 g - a wand of slowing (31/48)
 h - a wand of polymorph (11/24)
 A - a wand of flame (21/48)
 K - a wand of disintegration (11/24)
Scrolls
 b - 2 scrolls of fear
 q - 4 scrolls of enchant weapon
 s - 4 scrolls of teleportation
 w - a scroll of recharging
 y - 2 scrolls of blinking
 G - 2 scrolls of remove curse
 Q - 2 scrolls of enchant armour
 R - a scroll of identify
Potions
 j - a potion of agility
 l - a potion of heal wounds
 m - a potion of lignification
 p - 2 potions of flight
 x - a potion of ambrosia
 J - 2 potions of curing
Books
 B - a book of Conjurations

   Spells                             Type                      Level
   a - Magic Dart                     Conjuration                  1
   b - Searing Ray                    Conjuration                  2
   c - Dazzling Spray                 Conjuration/Hexes            3
   d - Fulminant Prism                Conjuration/Hexes            4
   e - Iskenderun's Mystic Blast      Conjuration                  4
   f - Iskenderun's Battlesphere      Conjuration/Charms           5
Comestibles
 f - 2 bread rations
 F - a mutagenic chunk of flesh
 L - 15 fruits
 M - 2 meat rations
 N - 6 slices of pizza


   Skills:
 + Level 9.1 Fighting
 + Level 11.1 Axes
 - Level 1.7 Throwing
 + Level 5.9 Armour
 - Level 4.0 Dodging
 + Level 5.4 Shields
 - Level 4.0 Spellcasting
 + Level 4.7 Conjurations
 + Level 5.4 Invocations
 + Level 3.7 Evocations


You had 13 spell levels left.
You knew the following spells:

 Your Spells              Type           Power        Failure   Level  Hunger
a - Magic Dart            Conj           ##..         8%          1    #......
b - Iskenderun's Mystic   Conj           ##......     61%         4    #####..


Dungeon Overview and Level Annotations

Branches:
Dungeon (10/15)            Temple (0/1) D:7
   Lair: D:8-11         Orc: D:9-12

Altars:
Ashenzari
Cheibriados
Elyvilon
Fedhas
Gozag
Kikubaaqudgha
Okawaru
Qazlal
Ru
Sif Muna
Uskayaw
Xom
Zin

Shops:
D:4 *

Annotations:
D:3 Sigmund
D:10 Snorg


Innate Abilities, Weirdness & Mutations

Your flesh is cold resistant. (rC+)


Message History

There is an open door, spattered with blood here.
Items here: ( )))) ††††† Snorg is engulfed in freezing vapours.
Snorg bites you! Snorg claws you. x2
You see here 2 stones.
You closely miss Snorg.
Snorg is moderately wounded.
You block Snorg's attack. Snorg barely misses you. Snorg closely misses you.
You block Snorg's attack. Snorg completely misses you. Snorg barely misses you.
You slice Snorg!!
Snorg is heavily wounded.
You block Snorg's attack.
Snorg claws you! x2; You block Snorg's attack.
Snorg claws you but does no damage. Snorg closely misses you.
You feel yourself speed up.
You feel yourself speed up. Snorg bites you. Snorg claws you!
* * * LOW HITPOINT WARNING * * *
Snorg barely misses you. You block Snorg's attack. Snorg claws you.
* * * LOW HITPOINT WARNING * * *
Snorg barely misses you. Snorg bites you!!
You die...

#.# ### #.# #.. #.#
#.# ##'## #.#
##...## #.#
##.....## ##.#
##.......## ##..###
#.........####..<..#
+........WT@....(..#
#.........####...#.#
##.......## ##.##.#
##.....## ### #
##...## ##+##


You could see Snorg (berserk) and a wraith.

Vanquished Creatures
  A hydra (D:8)
  The ghost of Patate the Fighter, a novice MiBe of Trog (D:7)
  A hill giant (D:8)
  A troll (D:9)
  A two-headed ogre (D:8)
  2 dream sheep (D:8)
  2 yaks (D:8)
  A steam dragon (D:5)
  2 hungry ghosts
  A water moccasin (D:9)
  Duvessa (D:5)
  3 ice beasts
  3 orc warriors
  2 black bears (D:8)
  3 sky beasts
  The ghost of Rrauwl the Chopper, an amateur HOGl (D:5)
  5 ogres
  A necrophage (D:8)
  2 centaurs (D:6)
  A crocodile (D:9)
  3 bullfrogs
  6 big kobolds
  3 scorpions
  Dowan (D:5)
  A howler monkey (D:6)
  3 crimson imps
  2 centaur zombies
  A quasit (D:7)
  3 hounds
  Crazy Yiuf (D:3)
  5 orc wizards
  2 centaur skeletons
  Jessica (D:2)
  2 iguanas (D:5)
  Terence (D:3)
  5 worker ants
  A worker ant zombie (D:8)
  Robin (D:3)
  7 gnolls (D:5)
  10 adders
  2 shadow imps (D:7)
  An ooze (D:2)
  An adder skeleton (D:5)
  2 worms
  A leopard gecko (D:8)
  27 orcs
  5 bats
  5 giant cockroaches
  14 goblins
  11 hobgoblins
  17 jackals
  6 quokkas
  4 frilled lizards
  16 kobolds
  2 leopard gecko skeletons
  A quokka skeleton (D:6)
  4 rats
  7 fungi
  A plant (D:3)
221 creatures vanquished.

Vanquished Creatures (collateral kills)
  A steam dragon (D:7)
1 creature vanquished.

Vanquished Creatures (others)
  2 quokkas
  2 plants (D:8)
4 creatures vanquished.

Grand Total: 226 creatures vanquished

Notes
Turn   | Place    | Note
-------+----------+-------------------------------------------
     0 | D:1      | Rrauwl the Hill Orc Gladiator began the quest for the Orb.
     0 | D:1      | Reached XP level 1. HP: 18/18 MP: 1/1
   110 | D:1      | Reached XP level 2. HP: 19/25 MP: 2/2
   134 | D:1      | Reached skill level 5 in Axes
   501 | D:2      | Noticed Jessica
   506 | D:2      | Killed Jessica
   506 | D:2      | Reached skill level 6 in Axes
   506 | D:2      | Reached XP level 3. HP: 21/30 MP: 3/3
   528 | D:2      | Found a sacrificial altar of Ru.
   996 | D:2      | Reached XP level 4. HP: 37/37 MP: 4/4
  1095 | D:3      | Found a blossoming altar of Fedhas.
  1095 | D:3      | Noticed Terence
  1118 | D:3      | Killed Terence
  1273 | D:3      | Noticed Robin
  1281 | D:3      | Reached XP level 5. HP: 30/45 MP: 6/6
  1427 | D:3      | Killed Robin
  1559 | D:3      | Found a stormy altar of Qazlal.
  1570 | D:3      | Became a worshipper of Qazlal Stormbringer
  1640 | D:3      | Reached skill level 1 in Spellcasting
  1685 | D:3      | Found a snail-covered altar of Cheibriados.
  1875 | D:3      | Found a runed door.
  1879 | D:3      | Noticed Crazy Yiuf
  1884 | D:3      | Killed Crazy Yiuf
  2142 | D:3      | Noticed Sigmund
  2319 | D:4      | Got a brightly glowing buckler
  2325 | D:4      | Identified the cursed +0 buckler "Dag Casu" {*Corrode Dex+4 Slay+4 Stlth+} (You found it on level 4 of the Dungeon)
  2349 | D:4      | Found an opulent altar of Gozag.
  2349 | D:4      | Found Gozag's Platinum Reserve.
  2404 | D:4      | Noticed an ogre
  2412 | D:4      | Killed an ogre
  2412 | D:4      | Reached skill level 7 in Axes
  2412 | D:4      | Reached XP level 6. HP: 28/52 MP: 8/8
  2792 | D:4      | Found a deep blue altar of Sif Muna.
  2844 | D:4      | Reached * piety under Qazlal
  2871 | D:4      | Reached XP level 7. HP: 60/60 MP: 10/10
  2878 | D:4      | Reached skill level 5 in Fighting
  3054 | D:5      | Entered Level 5 of the Dungeon
  3206 | D:5      | Reached skill level 8 in Axes
  3299 | D:5      | Noticed Dowan
  3302 | D:5      | Noticed Duvessa
  3307 | D:5      | Killed Dowan
  3316 | D:5      | Killed Duvessa
  3316 | D:5      | Reached XP level 8. HP: 28/70 MP: 12/12
  3579 | D:5      | Noticed Rrauwl's ghost (amateur HOGl)
  3600 | D:5      | Killed Rrauwl's ghost
  3771 | D:5      | Reached skill level 9 in Axes
  3844 | D:5      | Reached skill level 1 in Armour
  4251 | D:5      | Reached ** piety under Qazlal
  4465 | D:5      | Learned a level 1 spell: Magic Dart
  4487 | D:6      | Found an opulent altar of Gozag.
  4487 | D:6      | Found a glowing silver altar of Zin.
  4685 | D:6      | Reached skill level 1 in Shields
  4685 | D:6      | Reached skill level 1 in Conjurations
  4720 | D:6      | Reached XP level 9. HP: 64/79 MP: 15/15
  4818 | D:6      | Got an uncursed iridescent whip {venom}
  4819 | D:6      | Identified the +7 whip of the Warrior {venom, +Inv rF+ rC-} (You took it off a centaur on level 6 of the Dungeon)
  4957 | D:6      | Learned a level 1 spell: Magic Dart
  5519 | D:7      | Noticed Patate's ghost (novice MiBe)
  5545 | D:7      | Killed Patate's ghost
  5545 | D:7      | Reached *** piety under Qazlal
  5545 | D:7      | Reached skill level 10 in Axes
  5653 | D:7      | Got an iridescent long sword
  5658 | D:7      | Identified the +5 long sword of Benevolence {freeze, Fragile +Inv MR+} (You found it on level 7 of the Dungeon)
  6074 | D:7      | Found a staircase to the Ecumenical Temple.
  6133 | D:8      | Reached skill level 1 in Evocations
  6348 | D:8      | Found a white marble altar of Elyvilon.
  6362 | D:8      | Reached XP level 10. HP: 88/88 MP: 16/16
  6426 | D:8      | Noticed a hill giant
  7185 | D:8      | Reached skill level 5 in Armour
  7210 | D:8      | Noticed a two-headed hydra
  7220 | D:8      | Killed a two-headed hydra
  7508 | D:8      | Killed a hill giant
  7703 | D:8      | Learned a level 4 spell: Iskenderun's Mystic Blast
  7711 | D:9      | Reached skill level 5 in Shields
  7776 | D:9      | Reached skill level 5 in Invocations
  7783 | D:9      | Found a hide-covered altar of Uskayaw.
  7797 | D:9      | Found an iron altar of Okawaru.
  7812 | D:9      | Reached skill level 11 in Axes
  7823 | D:9      | Found an ancient bone altar of Kikubaaqudgha.
  7823 | D:9      | Found a shimmering altar of Xom.
  7825 | D:9      | Found a shattered altar of Ashenzari.
  7940 | D:9      | Reached XP level 11. HP: 97/97 MP: 17/17
  8337 | D:10     | Entered Level 10 of the Dungeon
  8355 | D:10     | Gained mutation: Your flesh is cold resistant. (rC+) [mutagenic meat]
  8395 | D:10     | Noticed Snorg
  8409 | D:10     | Demolished by Snorg

Skill      XL: |  1  2  3  4  5  6  7  8  9 10 |
---------------+-------------------------------+-----
Axes           | 6 7 8 9 10 11 | 11.1
Fighting       | 3 4 6 7 8 9 |  9.1
Spellcasting   | 1 2 3 4 |  4.0
Armour         | 2 4 5 |  5.9
Shields        | 1 3 5 |  5.4
Conjurations   | 1 3 4 |  4.7
Invocations    | 3 5 |  5.4
Evocations     | 1 3 |  3.7
Dodging        | 4 |  4.0
Throwing       | |  1.7

Action                   |  1- 3 |  4- 6 |  7- 9 | 10-12 || total
-------------------------+-------+-------+-------+-------++-------
Melee: War axe           |    47 |   180 |   238 |   141 ||   606
       Whip              |       |       |       |     4 ||     4
Throw: Throwing net      |       |     1 |     5 |     2 ||     8
 Cast: Magic Dart        |       |       |     4 |       ||     4
Invok: Elemental Force   |       |       |     1 |     1 ||     2
Evoke: Wand              |       |     2 |    12 |     7 ||    21
  Use: Scroll            |     3 |     7 |    13 |     5 ||    28
       Potion            |     7 |       |     4 |     1 ||    12
 Stab: Sleeping          |       |     1 |       |       ||     1
       Distracted        |       |       |       |     1 ||     1
  Eat: Chunk             |       |     5 |     7 |     6 ||    18
       Beef jerky        |       |     1 |     1 |     1 ||     3
       Pizza             |       |       |     2 |       ||     2
       Bread ration      |       |       |       |     1 ||     1
Armor: Leather armour    |    12 |       |       |       ||    12
       Ring mail         |       |    34 |    40 |    11 ||    85
       Plate armour      |       |       |    22 |       ||    22
       Skin              |       |       |     3 |     9 ||    12
Dodge: Dodged            |    26 |    78 |    74 |    73 ||   251
Block: Buckler           |       |     5 |    54 |    46 ||   105
